 Dungeon Crawl Stone Soup version 0.17.0-18-gaab0e96 (webtiles) character file.

105 Iffee the Charmwright (level 4, 0/30 HPs)
             Began as a High Elf Skald on Nov 11, 2015.
             Was a Follower of Nemelex Xobeh.
             Slain by an adder (3 damage)
             ... on level 2 of the Dungeon.
             The game lasted 00:16:24 (1524 turns).

Iffee the Charmwright (High Elf Skald)              Turns: 1524, Time: 00:16:24

Health: 0/30       AC:  6    Str: 11    XL:     4   Next: 54%
Magic:  8/8        EV: 12    Int: 17    God:    Nemelex Xobeh [*.....]
Gold:   51         SH:  0    Dex: 17    Spells: 2 memorised, 4 levels left

rFire  . . .     SeeInvis .     k - +2 dagger (speed)
rCold  . . .     Clarity  .     b - +0 leather armour
rNeg   . . .     SustAt   .     (no shield)
rPois  .         Gourm    .     g - +1 helmet {Int+3}
rElec  .         Spirit   .     (no cloak)
rCorr  .         Warding  .     (no gloves)
rMut   .         Stasis   .     f - +0 pair of boots
MR     .....                    a - amulet of rage
Stlth  ++........               (no ring)
                                (no ring)

@: not resistant to hostile enchantments, unstealthy
A: thin skeletal structure 1, dopey 1
a: Renounce Religion, Evoke Berserk Rage


You were on level 2 of the Dungeon.
You worshipped Nemelex Xobeh.
Nemelex Xobeh was aware of your devotion.
You were not hungry.

You visited 1 branch of the dungeon, and saw 2 of its levels.

You collected 51 gold pieces.

Inventory:

Hand Weapons
 e - a +1 vampiric spear
 j - a +2 dagger of holy wrath
 k - a +2 dagger of speed (weapon)
Armour
 b - a +0 leather armour (worn)
 f - a +0 pair of boots (worn)
 g - a +1 helmet of intelligence (worn)
Jewellery
 a - an amulet of rage (around neck)
 d - an uncursed ring of ice
Books
 c - a book of Battle

   Spells                             Type                      Level
   a - Infusion                       Charms                       1
   b - Shroud of Golubria             Charms/Translocation         2
   c - Song of Slaying                Charms                       2
   d - Spectral Weapon                Hexes/Charms                 3
   e - Regeneration                   Charms/Necromancy            3
Comestibles
 h - a meat ration
 i - a royal jelly


   Skills:
 + Level 2.7 Fighting
 + Level 1.3(2.2) Short Blades
   Level 2.6(2.8) Long Blades
 + Level 1.6 Armour
 + Level 2.4 Dodging
 + Level 0.5 Stealth
 + Level 2.5 Spellcasting
 + Level 4.2 Charms
 + Level 0.8 Evocations


You had 4 spell levels left.
You knew the following spells:

 Your Spells              Type           Power        Failure   Level  Hunger
a - Infusion              Chrm           ###...       6%          1    #......
b - Regeneration          Chrm/Necr      #.........   34%         3    ###....


Dungeon Overview and Level Annotations

Branches:
Dungeon (2/15)

Altars:
Nemelex Xobeh
Yredelemnul


Innate Abilities, Weirdness & Mutations

You have a somewhat thin skeletal structure (Dex +2, Stealth).
You are dopey. (Int -2)


Message History

The adder bites you.
* * * LOW HITPOINT WARNING * * *
You closely miss the adder.
The adder is moderately wounded.
The adder closely misses you.
You barely miss the adder.
The adder is moderately wounded.
The adder bites you but does no damage.
You hit the adder.
The adder is heavily wounded.
You aren't carrying any potions.
The adder misses you. The adder closely misses you.
You start to feel less resistant.
The adder misses you. The adder bites you but does no damage.
Your resistance to elements expires.
The adder bites you.
You die...
Your body disappears without a glow.

# ....###########
#...........#
...##########.# # #.#
. #s# ..# #S# ### #@#
###.#### ##+##
#......# ##...##
#)#.##.# ##.....##
#)#.# # #.......##
##)#.#
.........####....#
.........'.......#
.........####.†.....#


You could see an adder and a giant cockroach.

Vanquished Creatures
  Ijyb (D:2)
  Robin (D:2)
  An adder (D:2)
  2 worms (D:2)
  A giant gecko (D:2)
  5 bats
  2 giant cockroaches (D:2)
  16 goblins
  6 hobgoblins
  2 quokkas (D:2)
  A ball python (D:2)
  2 giant newts
  3 kobolds
  8 rats
51 creatures vanquished.

Notes
Turn   | Place    | Note
--------------------------------------------------------------
     0 | D:1      | Iffee the High Elf Skald began the quest for the Orb.
     0 | D:1      | Reached XP level 1. HP: 14/14 MP: 4/4
    50 | D:1      | Found a sparkling altar of Nemelex Xobeh.
    54 | D:1      | Became a worshipper of Nemelex Xobeh the Trickster
    69 | D:1      | Received a gift from Nemelex Xobeh
   297 | D:1      | Reached XP level 2. HP: 13/19 MP: 3/6
   390 | D:1      | Reached skill level 4 in Charms
   403 | D:1      | Reached skill level 1 in Armour
   853 | D:2      | Reached XP level 3. HP: 18/25 MP: 0/7
   966 | D:2      | Found a basalt altar of Yredelemnul.
  1016 | D:2      | Reached * piety under Nemelex Xobeh
  1018 | D:2      | Noticed Ijyb
  1058 | D:2      | Killed Ijyb
  1064 | D:2      | Gained mutation: You are dopey. (Int -2) [potion of mutation]
  1064 | D:2      | Gained mutation: You have a somewhat thin skeletal structure (Dex +2, Stealth). [potion of mutation]
  1236 | D:2      | Reached XP level 4. HP: 16/30 MP: 8/8
  1367 | D:2      | Learned a level 3 spell: Regeneration
  1421 | D:2      | Noticed Robin
  1473 | D:2      | Killed Robin
  1473 | D:2      | Reached skill level 1 in Short Blades
  1524 | D:2      | Slain by an adder

Action                   |  1- 3 |  4- 6 || total
-------------------------+-------+-------++-------
Melee: Falchion          |    23 |       ||    23
       Dagger            |    96 |    83 ||   179
 Cast: Infusion          |     5 |       ||     5
Evoke: Deck              |     6 |       ||     6
  Use: Potion            |     4 |     2 ||     6
       Scroll            |     3 |       ||     3
 Stab: Distracted        |     1 |       ||     1
       Sleeping          |       |     2 ||     2
  Eat: Bread ration      |     1 |       ||     1
